AoeStats
← pollitorampa

Arabia

509155134Analyzed
2v2 RM · 5d ago on Sep 25, 2026· 35m 6s· 4 players
Game mode
Random Map
Map size
Medium (4 player)
Population
200
Speed
Normal
Resources
Standard
Victory
Conquest
Starting age
Dark Age
Ending age
Imperial Age
RankedLock teamsTeams togetherTeam positionsShared explorationLock speedFull tech treeHidden civsTurbo modeCheats
Victory
Defeat
🇨🇴 Saracens · Colombia
1225
+14
🇺🇸 Varangians · United States
1212
+14
🇦🇷 Varangians · Argentina
1177
-14
🇦🇷 Ethiopians · Argentina
1171
-14
LucasViola27
5:56 Loom
9:35 Feudal Age
14:05 Double-Bit Axe
15:37 Horse Collar
20:25 Castle Age
18:59 Scale Barding Armor
19:38 Bloodlines
21:09 Husbandry
21:48 Forging
22:47 Bow Saw
26:30 Heavy Plow
28:08 Wheelbarrow
28:46 Chain Barding Armor
29:01 Iron Casting
pollitorampa
7:48 Loom
10:07 Feudal Age
11:20 Double-Bit Axe
15:20 Padded Archer Armor
17:56 Fletching
18:03 Horse Collar
24:35 Castle Age
24:40 Man-at-Arms
24:47 Elite Skirmisher
25:44 Leather Archer Armor
27:24 Bodkin Arrow
28:29 Crossbowman
29:45 Gold Mining
30:10 Bow Saw
30:46 Town Watch
31:56 Thumb Ring
33:49 Wheelbarrow
Classixx
6:26 Loom
9:21 Feudal Age
9:49 Double-Bit Axe
14:34 Horse Collar
17:36 Wheelbarrow
20:34 Castle Age
19:21 Bloodlines
19:25 Gold Mining
20:02 Scale Barding Armor
21:37 Chain Barding Armor
21:29 Forging
21:43 Chain Barding Armor
21:36 Bow Saw
22:38 Forging
23:28 Husbandry
25:39 Iron Casting
24:57 Town Watch
cubdie
7:27 Loom
10:13 Feudal Age
10:59 Double-Bit Axe
16:15 Fletching
20:42 Wheelbarrow
23:44 Castle Age
22:22 Padded Archer Armor
23:58 Crossbowman
24:34 Bodkin Arrow
32:56 Imperial Age
32:42 Leather Archer Armor
33:23 Ballistics
33:24 Arbalester
34:13 Bracer
Connection lost

Rejoining the realm…

Still unreachable

The connection could not be restored.

Session expired

The server has moved on; the page needs a fresh start.